 Dungeon Crawl Stone Soup version 0.27.1-37-g7b29ead8ac (console) character file.

Game seed: 10254121348304920554

212 grimtooth the Stinger (level 5, 0/35 HPs)
             Began as a Barachi Venom Mage on May 24, 2023.
             Slain by a water moccasin (6 damage)
             ... on level 5 of the Dungeon.
             The game lasted 00:28:11 (6113 turns).

grimtooth the Stinger (Barachi Venom Mage)          Turns: 6113, Time: 00:28:12

Health: 0/35       AC:  2    Str:  7 (9)  XL:     5   Next: 89%
Magic:  2/9        EV: 12    Int: 15 (16) God:
Gold:   149        SH:  0    Dex: 10 (13) Spells: 6/9 levels left

rFire    . . .     SeeInvis .   m - +3 dagger (holy)
rCold    . . .     Faith    .   (no shield)
rNeg     . . .     Spirit   .   a - +0 robe
rPois    .         Reflect  .   (no helmet)
rElec    .         Harm     .   (no cloak)
rCorr    .         Rampage  .   (no gloves)
Will     .....                  (no boots)
Stlth    ++........             (no amulet)
HPRegen  0.11/turn              (no ring)
MPRegen  0.11/turn              (no ring)

@: brilliant, unable to hop, slow
A: amphibious, slowness 1, strong legs 1, +LOS
a: Hop


You were on level 5 of the Dungeon.
You visited 2 branches of the dungeon, and saw 6 of its levels.

You collected 149 gold pieces.

Inventory:

Hand Weapons
 m - a +3 dagger of holy wrath (weapon)
Missiles
 b - 7 sling bullets
 c - 46 stones (quivered)
 o - 12 boomerangs
Armour
 a - a +0 robe (worn)
Jewellery
 d - an amulet of faith
 p - an amulet of guardian spirit
Scrolls
 f - 2 scrolls of magic mapping
 j - a scroll of enchant weapon
 n - 2 scrolls of noise
Potions
 l - a potion of flight


   Skills:
 - Level 2.1 Dodging
 - Level 1.7 Stealth
 + Level 2.8 Spellcasting
 - Level 1.1 Transmutations
 * Level 6.7 Poison Magic


You had 6 spell levels left.
You knew the following spells:

 Your Spells              Type           Power      Damage    Failure   Level
a - Sting                 Tmut/Pois      80%        1d7       4%          1
b - Poisonous Vapours     Pois/Air       36%        N/A       8%          2

Your spell library contained the following spells:

 Spells                   Type           Power      Damage    Failure   Level
 Olgreb's Toxic Radiance  Pois           33%        N/A       13%         4
 Passwall                 Tmut/Erth      4%         N/A       24%         2
 Mephitic Cloud           Conj/Pois/Air  13%        N/A       24%         3
 Slow                     Hex            3%         N/A       30%         2
 Confusing Touch          Hex            3%         N/A       52%         3
 Gell's Gravitas          Tloc           1%         N/A       52%         3
 Lesser Beckoning         Tloc           1%         N/A       52%         3
 Swiftness                Air            3%         N/A       52%         3
 Teleport Other           Tloc           3%         N/A       52%         3
 Vampiric Draining        Necr           1%         2d6       52%         3
 Invisibility             Hex            1%         N/A       100%        6


Dungeon Overview and Level Annotations

Branches:
Dungeon (5/15)             Temple (1/1) D:5

Altars:
Ashenzari
Elyvilon
Fedhas
Gozag
Hepliaklqana
Kikubaaqudgha
Makhleb
Nemelex Xobeh
Okawaru
Qazlal
Trog
Uskayaw
Wu Jian
Xom
Yredelemnul
Zin
The Shining One

Annotations:
D:4 exclusion: centaur, Pikel
D:5 exclusion: orc


Innate Abilities, Weirdness & Mutations

You are amphibious.
You cover ground slowly.
You can hop short distances.
You have an extended range of vision and can be seen from far away.


Message History

You feel sick. The water moccasin bites you!
You feel better. The water moccasin closely misses you.
Press: ? - help, v - describe, . - travel
Here: a water moccasin (lightly wounded)
An open door.
Enter note: - man i really have nothing here It was a potion of degeneration.
There was something very wrong with that liquid.
You feel weakened.
You feel dopey.
You feel clumsy. The water moccasin barely misses you.
The water moccasin closely misses you.
As you read the scroll labelled ETEXAS DOURR, it crumbles to dust.
It is a scroll of identify.
You don't have any unidentified items.
The water moccasin bites you.
You feel clever all of a sudden.
The water moccasin bites you but does no damage.
The water moccasin bites you.
* * * LOW HITPOINT WARNING * * *
Casting: Sting (safe; 4% risk of failure)
Confirm with . or Enter, or press ? or * to list all spells.
Aiming: Sting (safe; 4% risk of failure)
Press: ? - help, Shift-Dir - straight line, f/p - bullfrog
Aim: a bullfrog (almost dead, poisoned, 70% to hit)
You feel a surge of power!
The sting hits the water moccasin.
The water moccasin partially resists.
The water moccasin is poisoned.
The water moccasin is lightly wounded.
The water moccasin bites you.
* * * LOW HITPOINT WARNING * * *
Your magical contamination has completely faded away.
Casting: Sting (safe; 4% risk of failure)
Confirm with . or Enter, or press ? or * to list all spells.
Aiming: Sting (safe; 4% risk of failure)
Press: ? - help, Shift-Dir - straight line, f/p - bullfrog
Aim: a bullfrog (almost dead, poisoned, 70% to hit)
You feel a surge of power!
The sting hits the water moccasin.
The water moccasin partially resists.
The water moccasin looks even sicker.
The water moccasin is lightly wounded.
You kill the bullfrog!
The water moccasin bites you.
You die...

# #.#
###.#####.# ..
...##.#
#.##.##.#
#......<#
####.#### #.#
####.##
##.....## ###
#.......# #...
#...@...# #....
###S###.# #.....
#.oo..#.#
#......#.⌠.⌠.#.#
#...ol['..>..+.#
#...####.⌠.⌠.#.#
#.....###
###'### ## #..#
.. .. ##.#
#....#.####[#


You could see a water moccasin (very poisoned) and 2 orcs.

Vanquished Creatures
  A lemure (D:4)
  A bullfrog (D:5)
  A gnoll shaman (D:4)
  An orc wizard (D:3)
  A hound skeleton (D:4)
  6 gnolls
  2 dart slugs
  4 orcs (D:3)
  8 endoplasms
  9 goblins
  6 hobgoblins
  7 jackals
  5 quokkas
  8 ball pythons
  11 bats
  2 frilled lizards (D:1)
  5 kobolds
  A rat (D:2)
79 creatures vanquished.

Notes
Turn   | Place    | Note
-------+----------+-------------------------------------------
     0 | D:1      | grimtooth the Barachi Venom Mage began the quest for the
                  | Orb.
     0 | D:1      | Reached XP level 1. HP: 13/13 MP: 3/3
   180 | D:1      | Reached XP level 2. HP: 19/19 MP: 1/5
   345 | D:1      | Reached skill level 4 in Poison Magic
   913 | D:1      | Reached XP level 3. HP: 21/24 MP: 0/6
  1551 | D:2      | Learned a level 2 spell: Poisonous Vapours
  1797 | D:2      | Reached skill level 5 in Poison Magic
  2126 | D:2      | Found a faded altar of an unknown god.
  2708 | D:3      | Reached XP level 4. HP: 30/30 MP: 5/7
  3562 | D:3      | Found a glowing silver altar of Zin.
  3708 | D:4      | Found a bloodstained altar of Trog.
  3713 | D:4      | Noticed a lemure
  3715 | D:4      | Noticed a lemure
  4170 | D:5      | Entered Level 5 of the Dungeon
  4213 | D:4      | Noticed a lemure
  4484 | D:4      | Reached skill level 6 in Poison Magic
  4484 | D:4      | Reached XP level 5. HP: 31/35 MP: 0/8
  5048 | D:4      | Noticed a lemure
  5073 | D:4      | Killed a lemure
  5245 | D:4      | Noticed Pikel
  5569 | D:4      | Noticed a centaur
  6064 | D:5      | Found a staircase to the Ecumenical Temple.
  6070 | Temple   | Entered the Ecumenical Temple
  6094 | D:5      | Noticed a water moccasin
  6109 | D:5      | - man i really have nothing here
  6113 | D:5      | Slain by a water moccasin

Illustrated notes

# #.#
###.#####.# ..
...##.#
#.##.##.#
#......<#
####.#### #.#
####.##
##.....## ###
#.......# #...
#...@...# #....
###S###.# #.....
#.oF..#.#
#......#.⌠o⌠.#.#
#...ol['..>..+.#
#...####.⌠.⌠.#.#
#.....###
###'### ## #..#
.. .. ##.#
#....#.####[#


Turn 6109 on D:5: - man i really have nothing here

Levels and vault maps discovered:
D:1:      dpeg_arrival_round_a, layout_basic, minmay_fountain_box,
          minmay_pentomino_o4
D:2:      layout_loops_corners, hellmonk_ecumenical_altar_crossroads
D:3:      layout_rooms, mainiacjoe_overflow_catwalk
D:4:      layout_basic, bloody_trog, uniq_pikel
D:5:      layout_loops_cross, nicolae_ru_sacrificial_ziggurat,
          minmay_temple_entry_hall, kennysheep_generic_room_11
Temple:   minmay_freezing_vapour_temple

Skill      XL: |  1  2  3  4 |
---------------+-------------+-----
Poison Magic   | 4 5 6 |  6.7
Dodging        | |  2.1
Stealth        | |  1.7
Spellcasting   | |  2.8
Transmutations | |  1.1

Action                   |  1- 3 |  4- 6 || total
-------------------------+-------+-------++-------
Melee: Dagger            |       |    33 ||    33
Throw: Stone             |     3 |     3 ||     6
 Cast: Sting             |    85 |    72 ||   157
       Poisonous Vapours |       |    30 ||    30
 Abil: Hop               |     1 |     5 ||     6
  Use: Scroll            |       |     6 ||     6
       Potion            |       |     6 ||     6
Armor: Robe              |     2 |    12 ||    14
Dodge: Dodged            |    29 |    58 ||    87
